 Dungeon Crawl Stone Soup version 0.32-a0-886-g41c5271027 (webtiles) character file.

Game seed: 979858517930207776

113 Gryn the Digger (level 4, 0/24 HPs)
             Began as a Gargoyle Earth Elementalist on Apr 2, 2024.
             Killed from afar by Natasha (6 damage)
             ... with a magic dart
             ... on level 4 of the Dungeon.
             The game lasted 00:08:15 (2728 turns).

Gryn the Digger (Gargoyle Earth Elementalist)       Turns: 2728, Time: 00:08:16

Health: 0/24       AC:  8    Str: 11    XL:     4   Next: 96%
Magic:  2/7        EV: 11    Int: 18    God:
Gold:   115        SH:  0    Dex: 10    Spells: 3/7 levels left

rFire   . . .        l - +1 hand axe (vamp)
rCold   . . .        (no shield)
rNeg    + . .        e - +0 robe
rPois   ∞            (no helmet)
rElec   +            h - +0 cloak
rCorr   .            u - +0 pair of gloves
SInv    .            t - +0 pair of boots
Will    .....        (no amulet)
Stlth   ++           (no ring)
HPRegen 0.24/turn    (no ring)
MPRegen 0.10/turn

%: no passive effects
@: mighty
A: sickness immunity, AC +3, negative energy resistance 1, electricity
resistance, torment resistance 1, petrification resistance
a: no special abilities


You were on level 4 of the Dungeon.
You visited 1 branch of the dungeon, and saw 4 of its levels.

You collected 115 gold pieces.

Inventory:

Hand Weapons
 a - a +0 whip
 d - a +0 dagger
 l - a +1 vampiric hand axe (weapon)
Missiles
 g - 9 poisoned darts
 p - 9 boomerangs
Armour
 e - a +0 robe (worn)
 h - a +0 cloak (worn)
 t - a +0 pair of boots (worn)
 u - a +0 pair of gloves (worn)
Scrolls
 i - a scroll of torment {unknown}
 j - a scroll of amnesia
 k - a scroll of immolation {unknown}
 m - a scroll of blinking {unknown}
 q - a scroll of teleportation {unknown}
 s - a scroll of vulnerability {unknown}
Potions
 b - 2 potions of magic
 c - a potion of cancellation {unknown}
 f - a potion of lignification {unknown}
 n - 2 potions of might
 o - a potion of attraction {unknown}
 r - a potion of curing {unknown}


   Skills:
 - Level 1.5 Dodging
 - Level 2.1 Stealth
 - Level 2.0 Spellcasting
 + Level 3.0 Conjurations
 + Level 5.8 Earth Magic


You had 3 spell levels left.
You knew the following spells:

 Your Spells              Type           Power      Damage    Failure   Level
a - Sandblast             Erth           44%        2d11      1%          1
b - Stone Arrow           Conj/Erth      34%        3d9       9%          3

Your spell library contained the following spells:

 Spells                   Type           Power      Damage    Failure   Level
 Passwall                 Erth           22%        N/A       4%          3
 Brom's Barrelling Bould  Conj/Erth      17%        2d4       30%         4
 Petrify                  Alch/Erth      12%        N/A       50%         4


Dungeon Overview and Level Annotations

Branches:
Dungeon (4/15)
 Temple: D:4-7

Altars:
Fedhas
Kikubaaqudgha

Annotations:
D:2 1 runed translucent door, Crazy Yiuf
D:4 Natasha


Innate Abilities, Weirdness & Mutations

You are immune to sickness and miasma.
Your stone body is resilient. (AC +3)
You are immune to poison.
You resist negative energy. (rN+)
You are resistant to electric shocks. (rElec)
You are resistant to unholy torment.
You are immune to petrification.


Message History

Found a stone staircase leading down.
Found a lajatang.
As you open the door, it creaks loudly!
A phantom comes into view.
You hear an angry hiss.
Natasha, Servant of Life and Death comes into view.
There are monsters nearby!
The blast of sand hits the phantom.
The phantom is lightly damaged.
The phantom hits you but does no damage.
The blast of sand misses the phantom.
The phantom hits you.
Natasha mumbles some strange words.
The phantom closely misses you.
The blast of sand hits the phantom!
The phantom is heavily damaged.
The phantom hits you.
Natasha casts a spell.
The blast of sand hits the phantom.
The phantom is severely damaged.
The phantom hits you.
Natasha casts a spell.
The phantom closely misses you.
The blast of sand hits the phantom but does no damage.
The phantom is severely damaged.
The cerulean imp hits you from afar with a +1 spear.
The cerulean imp hits you from afar with a +0 spear.
Natasha misses you. The phantom closely misses you.
The cerulean imp hits you from afar with a +1 spear.
The cerulean imp hits you from afar with a +0 spear.
* * * LOW HITPOINT WARNING * * *
Unknown command.
Okay, then.
It was a potion of might.
You feel very mighty all of a sudden. The cerulean imp barely misses you.
The phantom hits you but does no damage.
Natasha stares at you and mumbles some strange words.
The magic dart hits you.
You die...
Natasha begins licking her fur clean.

#######.## # ###
#........ .#
..>#+#.....#.# #.#
##.......#.#.###...
...............#.#
#.......#.###...#
#.......#.......#
#..........#..#.#
#...5.@###.#.##.#
#....h.W.#.#....#
#...55.#.#.#.#..#
........#.#......#
#.....)## ######.#
#..###. #<##.# #..
.. #....# ## ##
#.....#### #####.#


You could see a phantom, Natasha and 3 cerulean imps.

Vanquished Creatures
  5 adders
  2 dart slugs
  An orc (D:3)
  An endoplasm (D:2)
  2 giant cockroaches
  3 goblins (D:1)
  7 hobgoblins
  7 jackals
  5 quokkas
  6 ball pythons
  2 bats
  7 frilled lizards
  8 kobolds
  7 rats
63 creatures vanquished.

Notes
Turn   | Place    | Note
-------+----------+-------------------------------------------
     0 | D:1      | Gryn the Gargoyle Earth Elementalist began the quest for
                  | the Orb.
     0 | D:1      | Reached XP level 1. HP: 10/10 MP: 3/3
   124 | D:1      | Reached skill level 4 in Earth Magic
   124 | D:1      | Reached XP level 2. HP: 15/15 MP: 0/5
   412 | D:1      | Reached XP level 3. HP: 19/19 MP: 4/6
   627 | D:1      | You fall into a shaft and drop 1 floor!
   900 | D:2      | Learned a level 3 spell: Stone Arrow
   917 | D:2      | Found an ancient bone altar of Kikubaaqudgha.
  1169 | D:2      | Reached XP level 4. HP: 24/24 MP: 5/7
  1378 | D:2      | Reached skill level 5 in Earth Magic
  1408 | D:2      | Found a runed translucent door.
  1409 | D:2      | Noticed Crazy Yiuf
  1459 | D:2      | Found a faded altar of an unknown god.
  2008 | D:3      | Found a blossoming altar of Fedhas.
  2722 | D:4      | Noticed a phantom
  2722 | D:4      | Noticed Natasha
  2728 | D:4      | Killed from afar by Natasha

Illustrated notes

Levels and vault maps discovered:
D:1:      heliophobic_arrival_enchanted_forest, layout_rooms, minmay_lizard_pond
D:2:      layout_loops_ring, shapermc_ecumenical_altar_hornbeckon, basic_altar,
          minmay_misc_feat_roman, uniq_crazy_yiuf_cottage
D:3:      layout_basic, fedhas_altar_1, supply_closet_lemuel
D:4:      layout_basic, minmay_bisected, uniq_natasha, uniq_ijyb

Skill      XL: |  1  2  3  4 |
---------------+-------------+-----
Earth Magic    | 4 5 |  5.8
Conjurations   | 2 3 |  3.0
Dodging        | |  1.5
Stealth        | |  2.1
Spellcasting   | |  2.0

Action                     |  1- 3 |  4- 6 || total
---------------------------+-------+-------++-------
  Melee: Dagger            |    13 |       ||    13
         Whip              |     3 |       ||     3
         Hand axe          |       |     2 ||     2
   Cast: Sandblast         |    48 |    33 ||    81
    Use: Scroll            |       |     1 ||     1
         Potion            |       |     1 ||     1
 Armour: Robe              |    16 |    13 ||    29
  Dodge: Dodged            |    17 |     9 ||    26

Table legend: (Time is in decaauts)
 A = Elapsed time spent in this place.
 B = Non-inter-level travel time spent in this place.
 C = Inter-level travel time spent in this place.
 D = Time resting spent in this place.
 E = Time spent auto-exploring this place.
 F = Levels seen in this place.
 G = Mean time per level.
                   A        B        C        D        E       F      G
               +--------+--------+--------+--------+--------+-----+--------+
         Total |   2775 |   2654 |    121 |     37 |   2248 |   4 |  693.8 |
       Dungeon |   2775 |   2654 |    121 |     37 |   2248 |   4 |  693.8 |
               +--------+--------+--------+--------+--------+-----+--------+

Top non-repeatable levels by time:
     D:3: 1084 daAuts
     D:2: 871 daAuts
     D:1: 777 daAuts
     D:4: 41 daAuts
